 Dungeon Crawl Stone Soup version 0.22.1-1-ga44c0e5 (webtiles) character file.

81283 Loudmushroom the Cleaver (level 15, -2/96 HPs)
             Began as a Gargoyle Fighter on Sept 22, 2018.
             Was the Champion of Okawaru.
             Killed from afar by Azrael (33 damage)
             ... with damnation
             ... on level 15 of the Dungeon on Sept 24, 2018.
             The game lasted 03:50:22 (28469 turns).

Loudmushroom the Cleaver (Gargoyle Fighter)        Turns: 28469, Time: 03:50:23

Health: -2/96      AC: 37    Str: 36    XL:     15   Next: 69%
Magic:  22/22      EV:  9    Int:  4    God:    Okawaru [******]
Gold:   1515       SH: 17    Dex: 12    Spells: 14/14 levels left

rFire    x . .     SeeInvis .   a - +8 whip "Snakebite" {curare, rPois}
rCold    + . .     Gourm    .   c - +3 shield
rNeg     + . .     Faith    +   T - +0 plate armour
rPois    ∞         Spirit   .   P - +0 hat
rElec    +         Reflect  .   B - +2 cloak {MR+}
rCorr    .         Harm     .   z - +2 pair of gloves {Str+3}
MR       ++...                  U - +2 pair of boots
Stlth    ..........             K - amulet of faith
HPRegen  0.26/turn              W - ring "Mith" {Ice Str+3 Int-5 Dex+2 Slay+3}
MPRegen  0.18/turn              s - +5 ring of strength

@: liquid flames, flying, glowing
A: big wings, negative energy resistance 1, electricity resistance, unbreathing,
petrification resistance, rot immunity, AC +11
a: Stop Flying, Heroism, Finesse, Renounce Religion


You were on level 15 of the Dungeon.
You worshipped Okawaru.
Okawaru was exalted by your worship.
You were not hungry.

You visited 3 branches of the dungeon, and saw 22 of its levels.
You also visited: Sewer.

You collected 1515 gold pieces.

Inventory:

Hand Weapons
 a - the +8 whip "Snakebite" (weapon) {curare, rPois}
   (You found it on level 7 of the Dungeon)

   It poisons the flesh of those it strikes.
   It protects you from poison.
 b - a +1 hunting sling
 v - a +1 broad axe of chopping
 L - a +4 morningstar
Missiles
 h - 189 bolts
 j - 626 stones
 k - 113 sling bullets
 H - 15 javelins (quivered)
 Q - 7 javelins of returning
Armour
 c - a +3 shield (worn)
 z - a +2 pair of gloves of strength (worn)
 B - a +2 cloak of magic resistance (worn)
 P - a +0 hat (worn)
 T - a +0 plate armour (worn)
 U - a +2 pair of boots (worn)
Jewellery
 e - an uncursed ring of fire
 s - a +5 ring of strength (right hand)
 G - an uncursed ring of resist corrosion
 I - an uncursed ring of see invisible
 K - an amulet of faith (around neck)
 V - a cursed amulet of the gourmand
 W - the ring "Mith" (left hand) {Ice Str+3 Int-5 Dex+2 Slay+3}
   (You found it on level 10 of the Dungeon)

   [ring of ice]

   It enhances your ice magic.
   It affects your strength (+3).
   It affects your intelligence (-5).
   It affects your dexterity (+2).
   It affects your accuracy and damage with ranged weapons and melee attacks
   (+3).
   It makes you vulnerable to fire.
   It protects you from cold.
 X - an uncursed ring of ice
Wands
 o - a wand of digging (12)
 J - a wand of flame (33)
 S - a wand of paralysis (53)
Scrolls
 d - a scroll of holy word
 i - 2 scrolls of identify
 l - a scroll of enchant armour
 q - 8 scrolls of remove curse
 u - 10 scrolls of teleportation
 w - 3 scrolls of magic mapping
 y - a scroll of silence
 C - 5 scrolls of blinking
 D - 4 scrolls of fear
 E - 2 scrolls of enchant weapon
 O - a scroll of fog
Potions
 m - 4 potions of haste
 n - 14 potions of curing
 p - 5 potions of cancellation
 r - 6 potions of heal wounds
 t - 3 potions of mutation
 x - 3 potions of resistance
 N - 4 potions of lignification
 R - 2 potions of agility
 Y - a potion of invisibility
 Z - 5 potions of might
Miscellaneous
 g - a box of beasts
 F - a lamp of fire
 M - a fan of gales
Comestibles
 f - 38 rations
 A - 3 chunks of flesh


   Skills:
 + Level 12.1 Fighting
 * Level 13.7 Axes
 + Level 12.1 Armour
 + Level 2.8 Dodging
 + Level 12.1 Shields
 - Level 10.0 Invocations
 + Level 9.2 Evocations


You had 14 spell levels left.
You didn't know any spells.
Your spell library contained the following spells:

 Spells                   Type           Power        Failure   Level  Hunger
 Sandblast                Erth           #.....       98%         1    ##.....
 Summon Small Mammal      Summ           #...         98%         1    ##.....
 Call Imp                 Summ           #.......     99%         2    ###....
 Passwall                 Tmut/Erth      #.......     99%         2    ###....
 Call Canine Familiar     Summ           #.......     100%        3    ####...
 Stone Arrow              Conj/Erth      #.....       100%        3    ####...
 Summon Guardian Golem    Hex/Summ       #.......     100%        3    ####...
 Petrify                  Tmut/Erth      #.......     100%        4    #####..
 Summon Ice Beast         Ice/Summ       #.......     100%        4    #####..
 Summon Lightning Spire   Summ/Air       #.......     100%        4    #####..
 Lee's Rapid Deconstruct  Erth           #.........   100%        5    ######.


Dungeon Overview and Level Annotations

Branches:
Dungeon (15/15)            Temple (1/1) D:4            Lair (6/6) D:10
  Swamp (0/4) Lair:3       Spider (0/4) Lair:2          Orc (0/2) D:10
 Vaults (0/5) D:14         Depths (0/5) D:15
  Slime: Lair:5-6

Altars:
Fedhas
Kikubaaqudgha
Okawaru
Qazlal
Sif Muna
Trog
Uskayaw
Vehumet
Xom
Yredelemnul
Zin

Shops:
D:5 =   D:10 %   D:15 *}(

Annotations:
D:4 3 runed doors, sbiou's ghost, novice GnWn
D:7 exclusion: statue
D:12 1 runed door, exclusion: orange crystal statue
D:15 Azrael
Lair:6 exclusion: 2 oklob plants


Innate Abilities, Weirdness & Mutations

You are resistant to torment.
Your stone body is resilient. (AC +11)
You are immune to poison.
Your large and strong wings let you fly indefinitely.
You resist negative energy. (rN+)
You are resistant to electric shocks. (rElec)
You can survive without breathing.
You are immune to petrification.
You are immune to rotting.


Message History

Azrael is heavily wounded.
You hit Azrael.
Azrael is severely wounded.
Azrael barely misses you.
You whack Azrael!
Azrael is severely wounded.
You barely miss Azrael.
Azrael is severely wounded.
Azrael gestures at you. The sticky flame hits you! The fire burns you terribly!
You are covered in liquid flames!
You hit Azrael but do no damage.
Azrael looks as sick as possible!
Azrael is almost dead.
You are covered in liquid flames!
You hit Azrael.
Azrael looks as sick as possible!
Azrael is almost dead.
You are covered in liquid flames!
Azrael gestures at you.
The sphere of damnation explodes!
The damnation engulfs you!
You die...

#.##..# #≈≈. .## .## #.. ##.)
#≈≈∩ #.. ..# #..####.. #≈≈≈≈
##.. #.. .......... #≈≈≈##..#
#.#############.# §#.......#
#.#...........#.# §........#
#.#.####.####.#.#
.§§..RE..####.#....#.#....#.#
#§h§..§##@.####.#.#.####.#
#..##....R#......#.#....... #
##$?###.######.######## #..#
#................ ....#
##........#.#...# .......
#...... #.....# ..........
..........##.. ......#.#..
...####.## #.. ......#.#..
..# #. #..


You could see Azrael.

Vanquished Creatures
  Rupert (D:15)
  2 entropy weavers (Lair:5)
  A dire elephant (Lair:6)
  Snorg (Lair:4)
  A fire dragon (D:15)
  4 hydras
  Harold (D:11)
  3 centaur warriors
  An ice dragon (D:15)
  Erica (D:11)
  2 two-headed ogres
  A catoblepas (Lair:6)
  A queen ant (Lair:5)
  4 death yaks (Lair:6)
  A deep troll shaman (Lair:6)
  Nergalle (Lair:4)
  An unseen horror (D:12)
  A lindwurm (Lair:5)
  A wolf spider zombie (D:15)
  An ugly thing (D:12)
  A manticore (D:10)
  A guardian serpent (D:13)
  14 elephants
  5 black mambas
  7 gargoyles
  Psyche (D:11)
  4 komodo dragons
  9 spiny frogs
  3 rime drakes (Lair:5)
  A freezing wraith (D:10)
  A komodo dragon (shapeshifter) (D:10)
  2 tengu conjurers
  2 jumping spiders (Lair:2)
  7 trolls
  15 slime creatures
  A bog body (Lair:3)
  11 hippogriffs
  3 hornets
  34 blink frogs
  12 dream sheep
  4 redbacks (Lair:2)
  4 wyverns
  A basilisk (Lair:2)
  A vampire (D:14)
  34 yaks
  3 shadows
  2 fire elementals (D:15)
  A hungry ghost (D:13)
  25 soldier ants
  A swamp worm (Lair:3)
  12 vampire mosquitoes
  Edmund (D:4)
  17 water moccasins
  An acid dragon (D:14)
  10 porcupines
  2 hell hounds (D:15)
  2 sky beasts
  7 orc warriors
  A hornet zombie (D:6)
  6 ice beasts
  5 black bears
  4 necrophages
  3 ogres
  3 phantoms
  37 wolves
  10 crocodiles
  10 centaurs
  3 big kobolds
  Blork the orc (D:6)
  20 bullfrogs
  A wyvern skeleton (D:8)
  3 scorpions
  16 killer bees
  6 wights (D:7)
  2 electric eels
  3 howler monkeys (D:8)
  2 jellies
  5 bullfrog zombies
  4 crimson imps
  A quasit (D:8)
  6 centaur zombies
  4 centaur skeletons
  Crazy Yiuf (D:7)
  6 hounds
  4 orc priests
  2 bullfrog skeletons
  8 iguanas
  10 orc wizards
  28 worker ants
  A hound zombie (D:6)
  2 hound skeletons
  A mummy (D:7)
  A howler monkey zombie (D:7)
  2 worker ant zombies
  13 adders
  11 river rats
  3 shadow imps
  2 adder zombies
  An adder skeleton (D:3)
  2 worms
  2 leopard geckos
  48 orcs
  8 bats
  7 giant cockroaches
  5 hobgoblins
  8 jackals
  3 quokkas
  5 ball pythons
  2 frilled lizards
  A giant cockroach zombie (D:6)
  9 goblins
  32 kobolds
  A quokka skeleton (D:5)
  26 rats
  A fungus (D:10)
704 creatures vanquished.

Vanquished Creatures (others)
  A water elemental (D:14)
  An electric eel (D:14)
  22 fungi
  7 plants
31 creatures vanquished.

Grand Total: 735 creatures vanquished

Notes
Turn   | Place    | Note
-------+----------+-------------------------------------------
     0 | D:1      | Loudmushroom the Gargoyle Fighter began the quest for the
                  | Orb.
     0 | D:1      | Reached XP level 1. HP: 14/14 MP: 1/1
   341 | D:1      | Reached skill level 2 in Axes
   578 | D:1      | Reached XP level 2. HP: 19/19 MP: 2/2
  1179 | D:2      | Reached XP level 3. HP: 8/23 MP: 3/3
  1599 | D:2      | Found a faded altar of an unknown god.
  1599 | D:2      | Found a stormy altar of Qazlal.
  1611 | D:2      | Found a glowing silver altar of Zin.
  1613 | D:2      | Found a faded altar of an unknown god.
  1616 | D:2      | Found a basalt altar of Yredelemnul.
  2252 | D:3      | Reached XP level 4. HP: 24/29 MP: 4/4
  2484 | D:3      | Reached skill level 3 in Axes
  2996 | D:4      | Reached XP level 5. HP: 33/33 MP: 5/5
  3046 | D:4      | Found a runed gate.
  3046 | D:4      | Found a runed gate.
  3046 | D:4      | Found a runed gate.
  3381 | D:4      | Noticed sbiou's ghost (novice GnWn)
  3697 | D:4      | Reached XP level 6. HP: 30/39 MP: 6/6
  3779 | D:4      | Found a staircase to the Ecumenical Temple.
  3782 | D:4      | Noticed Edmund
  3795 | D:4      | Killed Edmund
  3795 | D:4      | Reached skill level 4 in Axes
  3819 | Temple   | Entered the Ecumenical Temple
  3833 | Temple   | Became a worshipper of Warmaster Okawaru
  3861 | D:4      | Noticed a phantom
  3891 | D:4      | Killed a phantom
  3891 | D:4      | Reached XP level 7. HP: 44/44 MP: 7/7
  4640 | D:5      | Entered Level 5 of the Dungeon
  4749 | D:5      | Reached skill level 5 in Armour
  4749 | D:5      | Reached skill level 5 in Shields
  4920 | D:5      | Reached * piety under Okawaru
  4920 | D:5      | Reached skill level 5 in Fighting
  5046 | D:5      | Reached skill level 5 in Axes
  5261 | D:5      | Found Vocaed's Jewellery Shop.
  5442 | D:5      | Reached XP level 8. HP: 49/49 MP: 8/8
  5712 | D:6      | Noticed Blork the orc
  5731 | D:6      | Killed Blork the orc
  5927 | D:6      | Found a glowing drain.
  5982 | Sewer    | Entered a sewer
  6670 | D:6      | Reached ** piety under Okawaru
  6693 | D:6      | Reached skill level 6 in Axes
  7295 | D:7      | Got a steaming flail
  7325 | D:6      | Identified the +4 flail "Yruseola" {pain, Str+3} (You found
                  | it on level 7 of the Dungeon)
  7613 | D:7      | Reached skill level 1 in Invocations
  7838 | D:7      | Reached skill level 1 in Evocations
  7902 | D:7      | Reached XP level 9. HP: 48/55 MP: 10/10
  8317 | D:7      | Reached *** piety under Okawaru
  8317 | D:7      | Reached skill level 7 in Axes
  8650 | D:7      | Found a radiant altar of Vehumet.
  8772 | D:7      | Found the +8 whip "Snakebite" {curare, rPois}
  8788 | D:7      | Found a runed door.
  8792 | D:7      | Noticed Crazy Yiuf
  8802 | D:7      | Killed Crazy Yiuf
  9626 | D:8      | Reached **** piety under Okawaru
  9626 | D:8      | Reached XP level 10. HP: 62/63 MP: 10/12
  9757 | D:8      | Noticed a four-headed hydra
  9771 | D:8      | Killed a four-headed hydra
  9771 | D:8      | Reached skill level 8 in Axes
 10566 | D:9      | Noticed a gargoyle
 10581 | D:9      | Killed a gargoyle
 11792 | D:10     | Entered Level 10 of the Dungeon
 11940 | D:10     | Found a staircase to the Lair.
 11944 | D:10     | Reached ***** piety under Okawaru
 12032 | D:9      | Identified a scroll of acquirement
 12033 | D:9      | Got a polished cloak
 12044 | D:9      | Identified the +0 cloak of the Sacrificial Victim {rElec}
                  | (You acquired it on level 9 of the Dungeon)
 12151 | D:10     | Reached skill level 5 in Invocations
 12194 | D:10     | Reached XP level 11. HP: 51/68 MP: 10/14
 12198 | D:10     | Reached skill level 9 in Axes
 12635 | D:10     | Noticed a manticore
 12647 | D:10     | Killed a manticore
 12647 | D:10     | Received a gift from Okawaru
 12802 | D:10     | Found Iramitud's Food Shoppe.
 13164 | D:10     | Got a clouded silver ring
 13313 | D:10     | Found a staircase to the Orcish Mines.
 13345 | D:10     | Identified the ring "Mith" {Ice Str+3 Int-5 Dex+2 Slay+3}
                  | (You found it on level 10 of the Dungeon)
 13416 | Lair:1   | Entered Level 1 of the Lair of Beasts
 13422 | D:10     | Received a gift from Okawaru
 13449 | Lair:1   | Reached skill level 5 in Evocations
 14064 | Lair:1   | Reached skill level 10 in Axes
 14411 | Lair:2   | Reached ****** piety under Okawaru
 14411 | Lair:2   | Reached XP level 12. HP: 76/76 MP: 16/16
 14624 | Lair:2   | Found a hole to the Spider Nest.
 14973 | Lair:2   | Received a gift from Okawaru
 15292 | Lair:2   | Noticed an eight-headed hydra
 15303 | Lair:2   | Killed an eight-headed hydra
 16356 | Lair:3   | Found a staircase to the Swamp.
 17032 | Lair:3   | Reached skill level 11 in Axes
 17574 | Lair:4   | Noticed Snorg
 17591 | Lair:4   | Killed Snorg
 17591 | Lair:4   | Reached XP level 13. HP: 82/82 MP: 15/18
 17695 | Lair:3   | Received a gift from Okawaru
 17695 | Lair:3   | Reached skill level 10 in Fighting
 17810 | Lair:4   | Noticed Nergalle
 17858 | Lair:3   | Reached skill level 10 in Shields
 17914 | Lair:4   | Killed Nergalle
 17914 | Lair:4   | Reached skill level 10 in Armour
 19019 | Lair:4   | Received a gift from Okawaru
 19702 | Lair:5   | Reached skill level 12 in Axes
 19924 | Lair:5   | Noticed an entropy weaver
 19938 | Lair:5   | Killed an entropy weaver
 20128 | Lair:5   | Noticed an entropy weaver
 20153 | Lair:5   | Killed an entropy weaver
 20153 | Lair:5   | Gained mutation: Your large and strong wings let you fly
                  | indefinitely. [Gargoyle growth]
 20153 | Lair:5   | Reached XP level 14. HP: 79/88 MP: 20/20
 20722 | Lair:6   | Entered Level 6 of the Lair of Beasts
 20816 | Lair:6   | Received a gift from Okawaru
 21654 | Lair:6   | Noticed a dire elephant
 21671 | Lair:6   | Received a gift from Okawaru
 21677 | Lair:6   | Killed a dire elephant
 22761 | D:11     | Noticed Erica
 22770 | D:11     | Killed Erica
 22963 | D:11     | Found a shimmering altar of Xom.
 22966 | D:11     | Found a shimmering altar of Xom.
 22966 | D:11     | Found a shimmering altar of Xom.
 23190 | D:11     | Reached skill level 13 in Axes
 23190 | D:11     | Reached skill level 10 in Invocations
 23231 | D:11     | Noticed Psyche
 23237 | D:11     | Killed Psyche
 23476 | D:11     | Noticed Harold
 23488 | D:11     | Killed Harold
 23832 | D:12     | Received a gift from Okawaru
 24018 | D:12     | Reached XP level 15. HP: 90/95 MP: 22/22
 24149 | D:12     | Found a runed door.
 24161 | D:12     | Found the +10 large shield of Ignorance {rN+ Int-4}
 24186 | D:12     | Found a runed door.
 24344 | D:12     | Reached skill level 1 in Dodging
 25136 | D:13     | Received a gift from Okawaru
 25362 | D:13     | Received a gift from Okawaru
 25365 | D:13     | Got a crude shield {god gift}
 25377 | D:13     | Identified the +0 shield of Somewhere Else {rF- Int+7}
                  | (Okawaru gifted it to you on level 13 of the Dungeon)
 26755 | D:14     | Found a gate to the Vaults.
 27216 | D:15     | Entered Level 15 of the Dungeon
 27483 | D:15     | Found Girust's Gadget Shop.
 27789 | D:15     | Found Voahiaqe's Antique Weapon Boutique.
 28268 | D:15     | Found a staircase to the Depths.
 28325 | D:15     | Noticed Rupert
 28347 | D:15     | Killed Rupert
 28347 | D:15     | Received a gift from Okawaru
 28417 | D:15     | Found Buer Sufry's General Store.
 28428 | D:15     | Noticed Azrael
 28469 | D:15     | Killed from afar by Azrael

Skill      XL: |  1  2  3  4  5  6  7  8  9 10 11 12 13 14 15 |
---------------+----------------------------------------------+-----
Axes           | 2 3 4 5 6 7 8 10 11 12 13 | 13.7
Armour         | 4 5 6 7 8 9 10 11 12 | 12.1
Shields        | 4 5 6 7 8 9 10 11 12 | 12.1
Fighting       | 4 5 6 7 8 9 10 11 12 | 12.1
Invocations    | 1 3 5 6 7 9 10 | 10.0
Evocations     | 1 3 4 5 6 7 8 9 |  9.2
Dodging        | 2 |  2.8

Action                   |  1- 3 |  4- 6 |  7- 9 | 10-12 | 13-15 || total
-------------------------+-------+-------+-------+-------+-------++-------
Melee: War axe           |   168 |   177 |   435 |       |       ||   780
       Whip              |       |       |    29 |   608 |  1431 ||  2068
       Morningstar       |       |       |       |    10 |     8 ||    18
 Fire: Hunting sling     |       |     3 |    12 |    31 |     7 ||    53
Invok: Heroism           |       |       |     1 |     4 |     6 ||    11
 Abil: Fly               |       |       |       |       |     1 ||     1
  Use: Scroll            |       |       |    17 |    14 |    11 ||    42
       Potion            |       |       |       |       |     2 ||     2
 Stab: Invisible         |       |       |     1 |       |       ||     1
  Eat: Chunk             |     5 |     3 |     7 |    25 |    24 ||    64
       Ration            |       |     1 |     3 |       |     4 ||     8
Armor: Scale mail        |   119 |    90 |   117 |       |       ||   326
       Chain mail        |       |       |   106 |    33 |       ||   139
       Plate armour      |       |       |       |   274 |   596 ||   870
Dodge: Dodged            |    59 |    60 |   124 |   134 |   244 ||   621
Block: Shield            |   146 |    81 |   258 |   360 |  1019 ||  1864
